AoeStats
← Sheogorath8053

Nomad

508507296Analyzed
2v2 RM · 10d ago on Sep 22, 2026· 26m 47s· 4 players
Game mode
Random Map
Map size
176×176
Population
200
Speed
Normal
Resources
Standard
Victory
Conquest
Starting age
Dark Age
Ending age
Imperial Age
RankedLock teamsTeams togetherTeam positionsShared explorationLock speedFull tech treeHidden civsTurbo modeCheats
Victory
Defeat
🇸🇰 Romans · Slovakia
937
+16
🇸🇰 Lithuanians · Slovakia
869
+19
🇫🇷 Burgundians · France
939
-18
🇫🇷 Japanese · France
922
-17
1Majo_SVK
9:11 Loom
16:42 Feudal Age
21:02 Castle Age
24:01 Double-Bit Axe
23:59 Horse Collar
ARES
3:09 Loom
15:21 Feudal Age
17:12 Fletching
19:27 Castle Age
17:17 Man-at-Arms
20:00 Forging
19:51 Scale Mail Armor
19:52 Long Swordsman
25:39 Wheelbarrow
Call Me Abso
4:08 Loom
13:31 Horse Collar
16:02 Wheelbarrow
15:21 Double-Bit Axe
17:42 Feudal Age
16:51 Wheelbarrow
17:27 Stone Mining
18:41 Bow Saw
26:35 Castle Age
24:43 Gold Mining
Sheogorath8053
8:25 Loom
15:30 Feudal Age
17:06 Horse Collar
21:23 Castle Age
20:57 Double-Bit Axe
22:24 Heavy Plow
22:58 Bow Saw
Connection lost

Rejoining the realm…

Still unreachable

The connection could not be restored.

Session expired

The server has moved on; the page needs a fresh start.